 Dungeon Crawl Stone Soup version 0.23-a0-643-g9ccc95a (webtiles) character file.

283 Lanoc the Slasher (level 6, 0/53 HPs)
             Began as a Draconian Berserker on Dec 31, 2018.
             Was a Plaything of Xom.
             Slain by a polar bear (5 damage)
             ... created by the rage of Trog
             ... on level 4 of the Dungeon.
             The game lasted 00:05:13 (2336 turns).

Lanoc the Slasher (Draconian Berserker)             Turns: 2336, Time: 00:05:14

Health: 0/53       AC:  7    Str: 22    XL:     6   Next: 7%
Magic:  6/6        EV: 13    Int:  7    God:    Xom [..*...]
Gold:   144        SH:  0    Dex: 10    Spells: 5/5 levels left

rFire    . . .     SeeInvis .   a - +0 falchion
rCold    . . .     Gourm    .   (no shield)
rNeg     . . .     Faith    .   (armour unavailable)
rPois    .         Spirit   .   (helmet restricted)
rElec    .         Reflect  .   e - +0 cloak
rCorr    .         Harm     .   (no gloves)
MR       .....                  (no boots)
Stlth    +.........             (no amulet)
HPRegen  0.17/turn              v - ring of flight
MPRegen  0.10/turn              (no ring)

@: confused
A: unfitting armour, cold-blooded, AC +6
a: Renounce Religion, Evoke Flight


You were on level 4 of the Dungeon.
You worshipped Xom.
You were a toy of Xom.
You were not hungry.

You visited 1 branch of the dungeon, and saw 4 of its levels.

You collected 144 gold pieces.

Inventory:

Hand Weapons
 a - a +0 falchion (weapon)
Armour
 e - a +0 cloak (worn)
Jewellery
 v - a ring of flight (left hand)
Wands
 u - a wand of acid (8)
Scrolls
 c - 3 scrolls of teleportation {unknown}
 d - 5 scrolls of amnesia {unknown}
 k - a scroll of fear {unknown}
 o - a scroll of fog {unknown}
 p - 2 scrolls of identify {unknown}
 s - a scroll of enchant weapon {unknown}
 t - a scroll of blinking {unknown}
Potions
 f - a potion of degeneration {unknown}
 g - 2 potions of agility {unknown}
 h - a potion of might {unknown}
 i - a potion of cancellation {unknown}
 j - 2 potions of brilliance {unknown}
 l - 2 potions of lignification {unknown}
 m - a potion of heal wounds {unknown}
 n - a potion of magic {unknown}
 q - a potion of resistance {unknown}
 w - 2 potions of curing {unknown}
Comestibles
 b - 3 rations


   Skills:
 + Level 4.6 Fighting
 * Level 5.3 Long Blades
 + Level 3.8 Dodging


You had 5 spell levels left.
You didn't know any spells.
Your spell library was empty.

Dungeon Overview and Level Annotations

Branches:
Dungeon (4/15)
 Temple: D:4-7

Altars:
Cheibriados
Kikubaaqudgha
Sif Muna
Wu Jian
Xom
Yredelemnul


Innate Abilities, Weirdness & Mutations

Your plain brown scales are hard. (AC +6)
You cannot fit into any form of body armour.
You are cold-blooded and may be slowed by cold attacks.


Message History

The black bear rages.
The polar bear bites you!!
The polar bear claws you but does no damage.
The polar bear barely misses you. The polar bear bites you.
The polar bear claws you but does no damage. x2
There is an open door, spattered with blood here.
You hit the black bear.
Your tail-slap misses the black bear.
The black bear is lightly wounded.
The black bear bites you but does no damage.
The black bear claws you but does no damage.
The black bear closely misses you. The polar bear closely misses you.
The polar bear barely misses you. The polar bear closely misses you.
The polar bear bites you!!
Ouch! That really hurt!
You die... "Just one more try."
Xom revives you! The polar bear claws you.
You die...
Xom titters!

..)...........# ####.#..#######
#.....# #...< #...>.# ####
#...# #######.########## #..#
+...+ #..##............# #..#
#...# #.†##.##.........#
#'#####...#####h#####.........#
'.....#...#....h@..##.........#
#.....#...#....h#..##.........#
#.....'...'.†...####..........#
#.....#...#.....# #.....†....#
'.....#...#.....+ #..........#
#'#####...#####+####..........#
#..#..#...#..# #.............#
#..#..'...'†.# #.............#
#######...#######.....#########


You could see 2 polar bears and a black bear (berserk).

Vanquished Creatures
  A crimson imp (D:4)
  4 gnolls (D:2)
  10 adders
  2 oozes
  2 worms (D:3)
  4 dart slugs
  4 leopard geckos
  6 orcs
  2 ball pythons
  5 bats
  6 giant cockroaches
  8 goblins
  13 hobgoblins
  2 jackals (D:2)
  2 quokkas
  4 frilled lizards
  12 kobolds
  2 rats
89 creatures vanquished.

Vanquished Creatures (others)
  A hobgoblin (D:3)
1 creature vanquished.

Grand Total: 90 creatures vanquished

Notes
Turn   | Place    | Note
-------+----------+-------------------------------------------
     0 | D:1      | Lanoc the Draconian Berserker began the quest for the Orb.
     0 | D:1      | Reached XP level 1. HP: 19/19 MP: 1/1
    98 | D:1      | Reached XP level 2. HP: 23/26 MP: 2/2
   715 | D:2      | Reached XP level 3. HP: 22/33 MP: 3/3
   721 | D:2      | Reached skill level 4 in Long Blades
   732 | D:2      | Reached XP level 4. HP: 7/40 MP: 4/4
   742 | D:2      | Reached ** piety under Trog
  1282 | D:2      | Found an ornate altar of the Wu Jian Council.
  1282 | D:2      | Found a snail-covered altar of Cheibriados.
  1292 | D:2      | Found a basalt altar of Yredelemnul.
  1294 | D:2      | Found a faded altar of an unknown god.
  1296 | D:2      | Found a deep blue altar of Sif Muna.
  1300 | D:2      | Fell from the grace of Trog
  1300 | D:2      | Became a worshipper of Xom of Chaos
  1438 | D:3      | XOM: cloud trail
  1474 | D:3      | Found an ancient bone altar of Kikubaaqudgha.
  1498 | D:3      | XOM: harmless Necr miscast
  1500 | D:3      | XOM: smoke on damage
  1613 | D:3      | Reached XP level 5. HP: 43/46 MP: 5/5
  1614 | D:3      | XOM: divination: detect items
  2022 | D:3      | XOM: divination: detect creatures
  2232 | D:4      | Reached skill level 5 in Long Blades
  2324 | D:4      | Reached XP level 6. HP: 50/53 MP: 6/6
  2332 | D:4      | Noticed a polar bear
  2332 | D:4      | Noticed a polar bear
  2336 | D:4      | Xom revived you
  2336 | D:4      | Slain by a polar bear

Vault maps used:
D:1:      sevenhm_arrival_forest_fort_large_2, serial_curves, eino_curves_04,
          eino_curves_03, hangedman_decor_growths
D:2:      chequers_temple_overflow_minitemple, serial_glass, glass_columns_b,
          glass_columns_a
D:3:      kiku_gazebo_garden_becter
D:4:      nicolae_overflow_crystal_walls, minmay_temple_entry_overgrown,
          minmay_snake_closets

Skill      XL: |  1  2  3  4  5 |
---------------+----------------+-----
Dodging        | 3 |  3.8
Long Blades    | 4 5 |  5.3
Fighting       | 4 |  4.6

Action                   |  1- 3 |  4- 6 || total
-------------------------+-------+-------++-------
Melee: Falchion          |    61 |   197 ||   258
       Tailslap          |    11 |    20 ||    31
Invok: Berserk           |       |     1 ||     1
 Stab: Sleeping          |       |     5 ||     5
  Eat: Chunk             |       |     6 ||     6
Armor: Skin              |    13 |    67 ||    80
Dodge: Dodged            |    44 |   124 ||   168
       Rpst.: Falchion   |    19 |    43 ||    62

Table legend:
 A = Non-vault XP
 B = Vault XP
 C = Vault XP percentage of total XP
 D = Non-vault monster count
 E = Vault monster count
 F = Vault count percentage of total count
                 A         B        C        D         E       F
            +---------+---------+-------+---------+---------+-------
      Total |     325 |      80 |  19.8 |      82 |       7 |   7.9
            +---------+---------+-------+---------+---------+-------
        D:1 |      40 |       0 |   0.0 |      17 |       0 |   0.0
        D:2 |     132 |       0 |   0.0 |      31 |       0 |   0.0
        D:3 |      72 |       0 |   0.0 |      28 |       0 |   0.0
        D:4 |      81 |      80 |  49.7 |       6 |       7 |  53.8
            +---------+---------+-------+---------+---------+-------
